General information
- name: BNet
- type: Ladder team game (AT/RT)
- host: Battle.net
- saver: T4RDWRANGLER.
map: DragonFalls
- players: 8
- length: 41:36
- speed: Fast
- version: 1.26 W3XP
- replay type: Public
» download(269 KB)
Players
team 1 (loser)
Lifeline (
green | 54 APM | 1789 actions | 32:54)
7 Crypt Lord
3 Carrion Beetles
3 Spiked Carapace
1 Locust Swarm
5 Death Knight
3 Death Coil
2 Unholy Aura
5 Lich
3 Frost Nova
2 Dark Ritual
» actions
| Assign group hotkey | 55 | |
| Basic commands | 146 | |
| Build / train | 86 | |
| ESC pressed | 9 | |
| Enter build submenu | 18 | |
| Enter hero's abilities submenu | 18 | |
| Right click | 587 | |
| Select / deselect | 293 | |
| Select group hotkey | 487 | |
| Use ability | 90 | |
1789 total
» units
| Acolyte | 18 | |
| Ghoul | 4 | |
| Crypt Fiend | 10 | |
| Frost Wyrm | 6 | |
38 total
» upgrades
| Web | 1 | |
| Creature Carapace | 4 | |
| Creature Attack | 3 | |
| Freezing Breath | 1 | |
9 total
» buildings
| Crypt | 1 | |
| Altar of Darkness | 1 | |
| Ziggurat | 7 | |
| Graveyard | 1 | |
| Tomb of Relics | 1 | |
| Halls of the Dead | 1 | |
| Necropolis | 2 | |
| Black Citadel | 3 | |
| Sacrificial Pit | 1 | |
| Spirit Tower | 1 | |
| Nerubian Tower | 4 | |
| Boneyard | 1 | |
24 total
» build order
00:21 Crypt
00:25 Altar of Darkness
00:41 Ziggurat
01:00 Graveyard
01:30 Tomb of Relics
01:33 Ziggurat
03:02 Halls of the Dead
04:21 Necropolis
05:57 Ziggurat
06:26 Necropolis
07:43 Ziggurat
07:43 Ziggurat
07:56 Black Citadel
07:56 Black Citadel
07:57 Black Citadel
08:39 Sacrificial Pit
09:39 Spirit Tower
09:39 Nerubian Tower
09:40 Nerubian Tower
09:42 Ziggurat
10:18 Boneyard
10:37 Nerubian Tower
13:14 Ziggurat
» items
| Rod of Necromancy | 1 | |
| Orb of Corruption | 1 | |
2 total
action (
pink | 101 APM | 4218 actions | 41:35)
5 Blademaster
3 Wind Walk
2 Critical Strike
4 Shadow Hunter
2 Hex
2 Healing Wave
» actions
| Assign group hotkey | 81 | |
| Basic commands | 177 | |
| Build / train | 108 | |
| Enter build submenu | 19 | |
| Enter hero's abilities submenu | 9 | |
| Remove unit from queue | 1 | |
| Right click | 1613 | |
| Select / deselect | 607 | |
| Select group hotkey | 1506 | |
| Use ability | 97 | |
4218 total
» units
| Peon | 10 | |
| Grunt | 5 | |
| Troll Headhunter/Berserker | 10 | |
| Shaman | 4 | |
| Troll Witch Doctor | 5 | |
| Flying Machine | 37 | |
71 total
» upgrades
| Berserker Upgrade | 1 | |
| Shaman Training | 2 | |
| Witch Doctor Training | 2 | |
| Ranged Weapons | 3 | |
| Troll Regeneration | 1 | |
| Armor | 2 | |
| Reinforced Defenses | 1 | |
| Spiked Barricades | 1 | |
| Plating | 1 | |
14 total
» buildings
| Altar of Storms | 1 | |
| Orc Burrow | 10 | |
| War Mill | 1 | |
| Voodoo Lounge | 1 | |
| Barracks | 3 | |
| Stronghold | 1 | |
| Fortress | 1 | |
| Spirit Lodge | 2 | |
20 total
» build order
00:07 Altar of Storms
00:08 Orc Burrow
01:18 War Mill
01:45 Voodoo Lounge
02:00 Barracks
02:48 Orc Burrow
03:44 Stronghold
04:16 Orc Burrow
06:38 Fortress
07:55 Orc Burrow
07:56 Orc Burrow
07:57 Orc Burrow
08:12 Spirit Lodge
08:15 Spirit Lodge
10:11 Barracks
13:15 Orc Burrow
13:17 Orc Burrow
19:29 Orc Burrow
19:31 Orc Burrow
27:28 Barracks
» items
| Healing Salve | 1 | |
| Lesser Clarity Potion | 2 | |
| Scroll of Town Portal | 1 | |
| Potion of Mana | 1 | |
| Scroll of Regeneration | 1 | |
6 total
Exodis (
orange | 73 APM | 1410 actions | 19:22)
5 Mountain King
3 Storm Bolt
2 Bash
» actions
| Assign group hotkey | 20 | |
| Build / train | 66 | |
| Enter build submenu | 36 | |
| Enter hero's abilities submenu | 5 | |
| Remove unit from queue | 1 | |
| Right click | 607 | |
| Select / deselect | 252 | |
| Select group hotkey | 370 | |
| Use ability | 53 | |
1410 total
» units
| Peasant | 22 | |
| Rifleman | 15 | |
| Priest | 1 | |
| Sorceress | 1 | |
| Mortar Team | 5 | |
44 total
» upgrades
| Masonry | 2 | |
| Long Rifles | 1 | |
| Gunpowder | 3 | |
| Flare | 1 | |
| Fragmentation Shards | 1 | |
8 total
» buildings
| Altar of Kings | 1 | |
| Blacksmith | 1 | |
| Farm | 14 | |
| Barracks | 2 | |
| Scout Tower | 7 | |
| Lumber Mill | 1 | |
| Guard Tower | 4 | |
| Town Hall | 2 | |
| Arcane Tower | 1 | |
| Keep | 1 | |
| Arcane Vault | 1 | |
| Castle | 1 | |
| Arcane Sanctum | 2 | |
| Workshop | 1 | |
39 total
» build order
00:29 Altar of Kings
00:35 Blacksmith
00:41 Farm
00:44 Farm
01:48 Barracks
02:00 Barracks
02:13 Farm
02:15 Farm
03:04 Scout Tower
03:34 Scout Tower
04:01 Scout Tower
04:17 Lumber Mill
05:18 Farm
05:18 Farm
05:20 Guard Tower
06:04 Town Hall
06:07 Scout Tower
06:08 Scout Tower
06:11 Scout Tower
06:28 Guard Tower
06:37 Farm
06:38 Farm
06:51 Guard Tower
06:53 Arcane Tower
07:40 Keep
10:07 Arcane Vault
10:14 Castle
10:17 Arcane Sanctum
10:18 Arcane Sanctum
10:33 Workshop
12:17 Farm
12:19 Farm
12:22 Farm
13:23 Scout Tower
13:55 Guard Tower
17:09 Farm
17:10 Farm
17:11 Farm
17:39 Town Hall
GLOBAL-PAL (
red | 58 APM | 2422 actions | 41:35)
5 Blademaster
3 Wind Walk
2 Critical Strike
1 Naga Sea Witch
1 Frost Arrows
» actions
| Assign group hotkey | 32 | |
| Basic commands | 230 | |
| Build / train | 62 | |
| Enter build submenu | 25 | |
| Enter hero's abilities submenu | 6 | |
| Give item / drop item | 5 | |
| Remove unit from queue | 1 | |
| Right click | 827 | |
| Select / deselect | 363 | |
| Select group hotkey | 704 | |
| Use ability | 167 | |
2422 total
» units
| Peon | 14 | |
| Grunt | 4 | |
| Goblin Shredder | 4 | |
| Wind Rider | 6 | |
| Green Dragon | 2 | |
30 total
» upgrades
| Ranged Weapons | 2 | |
| Armor | 2 | |
| Reinforced Defenses | 1 | |
| Envenomed Spears | 1 | |
6 total
» buildings
| Altar of Storms | 1 | |
| Orc Burrow | 6 | |
| Barracks | 1 | |
| Voodoo Lounge | 1 | |
| Stronghold | 3 | |
| War Mill | 1 | |
| Great Hall | 2 | |
| Watch Tower | 21 | |
| Beastiary | 4 | |
| Fortress | 1 | |
41 total
» build order
00:08 Altar of Storms
00:20 Orc Burrow
00:38 Barracks
01:23 Orc Burrow
01:58 Voodoo Lounge
02:53 Stronghold
03:29 Orc Burrow
04:09 War Mill
04:33 Orc Burrow
05:34 Great Hall
05:37 Watch Tower
05:39 Watch Tower
06:14 Beastiary
06:54 Watch Tower
06:56 Watch Tower
08:17 Fortress
08:36 Beastiary
09:08 Orc Burrow
09:37 Watch Tower
09:37 Watch Tower
09:38 Watch Tower
10:20 Watch Tower
10:21 Watch Tower
11:10 Watch Tower
11:10 Watch Tower
11:11 Watch Tower
11:11 Watch Tower
11:12 Watch Tower
11:12 Watch Tower
11:13 Watch Tower
12:33 Orc Burrow
13:05 Watch Tower
13:06 Watch Tower
13:46 Beastiary
14:45 Great Hall
14:47 Watch Tower
14:47 Watch Tower
15:38 Watch Tower
19:18 Beastiary
20:32 Stronghold
23:05 Stronghold
» items
| Healing Salve | 3 | |
| Staff of Teleportation | 3 | |
| Scroll of Town Portal | 3 | |
| Orb of Lightning | 1 | |
| Tiny Great Hall | 1 | |
11 total
team 2 (winner)
Messi_kaka (
yellow | 54 APM | 1366 actions | 25:08)
4 Archmage
2 Summon Water Elemental
2 Brilliance Aura
» actions
| Build / train | 84 | |
| Enter build submenu | 42 | |
| Enter hero's abilities submenu | 4 | |
| Remove unit from queue | 5 | |
| Right click | 720 | |
| Select / deselect | 435 | |
| Use ability | 76 | |
1366 total
» units
| Peasant | 18 | |
| Footman | 12 | |
| Goblin Shredder | 1 | |
| Goblin Zeppelin | 1 | |
| Knight | 5 | |
| Gryphon Rider | 6 | |
| Frost Wyrm | 12 | |
| Ghoul | 2 | |
57 total
» upgrades
| Defend | 1 | |
| Armor | 1 | |
| Swords | 2 | |
| Lumber Harvesting | 1 | |
| Creature Attack | 1 | |
| Creature Carapace | 0 | |
6 total
» buildings
| Barracks | 2 | |
| Altar of Kings | 1 | |
| Farm | 10 | |
| Lumber Mill | 2 | |
| Scout Tower | 9 | |
| Arcane Tower | 1 | |
| Guard Tower | 8 | |
| Keep | 1 | |
| Town Hall | 1 | |
| Blacksmith | 1 | |
| Gryphon Aviary | 2 | |
| Castle | 1 | |
| Arcane Vault | 1 | |
| Arcane Sanctum | 1 | |
| Boneyard | 1 | |
| Ziggurat | 5 | |
47 total
» build order
00:23 Barracks
00:30 Altar of Kings
00:38 Farm
01:23 Farm
01:33 Lumber Mill
01:38 Lumber Mill
01:54 Farm
02:31 Farm
03:40 Scout Tower
04:08 Arcane Tower
04:19 Scout Tower
04:45 Guard Tower
04:49 Farm
06:05 Keep
06:41 Town Hall
06:44 Scout Tower
07:01 Scout Tower
07:11 Guard Tower
07:13 Scout Tower
07:33 Guard Tower
07:36 Scout Tower
07:44 Blacksmith
07:47 Guard Tower
07:49 Scout Tower
08:08 Guard Tower
08:11 Scout Tower
09:04 Guard Tower
09:08 Scout Tower
09:12 Guard Tower
09:14 Farm
09:20 Gryphon Aviary
09:43 Guard Tower
10:28 Gryphon Aviary
11:08 Castle
11:45 Arcane Vault
11:53 Barracks
12:52 Farm
13:29 Arcane Sanctum
13:46 Farm
14:06 Farm
14:10 Farm
16:02 Boneyard
17:34 Ziggurat
21:32 Ziggurat
21:36 Ziggurat
21:38 Ziggurat
21:41 Ziggurat
MatomuiTomesmO (
teal | 125 APM | 1969 actions | 15:41)
3 Death Knight
1 Death Coil
2 Unholy Aura
1 Dark Ranger
1 Black Arrow
» actions
| Assign group hotkey | 34 | |
| Basic commands | 236 | |
| Build / train | 60 | |
| Enter build submenu | 18 | |
| Enter hero's abilities submenu | 4 | |
| Right click | 490 | |
| Select / deselect | 245 | |
| Select group hotkey | 832 | |
| Use ability | 50 | |
1969 total
» units
| Acolyte | 12 | |
| Ghoul | 4 | |
| Crypt Fiend | 22 | |
| Frost Wyrm | 1 | |
39 total
» upgrades
| Burrow | 1 | |
| Creature Carapace | 1 | |
| Creature Attack | 1 | |
| Web | 1 | |
4 total
» buildings
| Crypt | 1 | |
| Ziggurat | 8 | |
| Graveyard | 1 | |
| Altar of Darkness | 1 | |
| Tomb of Relics | 1 | |
| Nerubian Tower | 3 | |
| Halls of the Dead | 1 | |
| Spirit Tower | 1 | |
| Necropolis | 1 | |
| Black Citadel | 1 | |
| Sacrificial Pit | 1 | |
| Boneyard | 2 | |
22 total
» build order
00:08 Crypt
00:11 Ziggurat
00:42 Graveyard
01:03 Altar of Darkness
01:33 Tomb of Relics
01:57 Ziggurat
04:21 Ziggurat
05:04 Ziggurat
05:21 Ziggurat
05:24 Ziggurat
06:19 Nerubian Tower
06:26 Nerubian Tower
07:31 Nerubian Tower
07:33 Halls of the Dead
07:45 Ziggurat
08:42 Spirit Tower
09:41 Ziggurat
09:43 Necropolis
10:36 Black Citadel
11:09 Sacrificial Pit
13:13 Boneyard
14:25 Boneyard
» items
| Rod of Necromancy | 1 | |
| Sacrificial Skull | 1 | |
2 total
T4RDWRANGLER. (
purple | 115 APM | 4768 actions | 41:36)
9 Archmage
3 Summon Water Elemental
3 Brilliance Aura
2 Blizzard
1 Mass Teleport
» actions
| Assign group hotkey | 238 | |
| Basic commands | 146 | |
| Build / train | 226 | |
| ESC pressed | 25 | |
| Enter build submenu | 78 | |
| Enter hero's abilities submenu | 9 | |
| Give item / drop item | 4 | |
| Right click | 1821 | |
| Select / deselect | 460 | |
| Select group hotkey | 1132 | |
| Use ability | 629 | |
4768 total
» units
| Peasant | 17 | |
| Footman | 3 | |
| Dragonhawk Rider | 7 | |
| Sorceress | 1 | |
| Gryphon Rider | 10 | |
| Goblin Zeppelin | 1 | |
| Goblin Shredder | 1 | |
| Goblin Sapper | 5 | |
45 total
» upgrades
| Masonry | 3 | |
| Swords | 3 | |
| Armor | 3 | |
| Sorceress Training | 1 | |
| Magic Sentry | 1 | |
| Lumber Harvesting | 1 | |
| Animal War Training | 1 | |
| Storm Hammers | 1 | |
| Cloud | 1 | |
15 total
» buildings
| Barracks | 1 | |
| Altar of Kings | 1 | |
| Farm | 12 | |
| Arcane Vault | 1 | |
| Lumber Mill | 1 | |
| Town Hall | 3 | |
| Scout Tower | 60 | |
| Arcane Tower | 17 | |
| Guard Tower | 83 | |
| Keep | 4 | |
| Blacksmith | 1 | |
| Castle | 2 | |
| Arcane Sanctum | 1 | |
| Gryphon Aviary | 4 | |
191 total
» build order
00:54 Barracks
00:58 Altar of Kings
01:05 Farm
01:08 Farm
01:15 Farm
02:22 Farm
02:46 Arcane Vault
02:50 Lumber Mill
04:07 Town Hall
04:15 Scout Tower
04:26 Scout Tower
04:28 Scout Tower
04:30 Scout Tower
04:31 Scout Tower
04:49 Arcane Tower
04:51 Scout Tower
05:08 Guard Tower
05:08 Guard Tower
05:30 Guard Tower
05:30 Guard Tower
05:57 Arcane Tower
05:57 Arcane Tower
05:58 Farm
06:00 Farm
06:19 Scout Tower
06:47 Arcane Tower
06:47 Arcane Tower
06:47 Arcane Tower
06:58 Keep
06:59 Keep
06:59 Keep
07:13 Blacksmith
08:03 Scout Tower
08:04 Scout Tower
08:07 Scout Tower
08:11 Scout Tower
08:11 Scout Tower
08:18 Scout Tower
08:35 Guard Tower
08:35 Guard Tower
08:35 Guard Tower
08:36 Guard Tower
08:37 Guard Tower
08:37 Guard Tower
08:38 Guard Tower
08:39 Guard Tower
08:39 Guard Tower
08:42 Guard Tower
10:13 Guard Tower
10:13 Guard Tower
10:14 Castle
10:16 Arcane Sanctum
10:30 Gryphon Aviary
10:32 Gryphon Aviary
12:06 Scout Tower
12:07 Scout Tower
12:09 Scout Tower
12:11 Scout Tower
12:41 Guard Tower
16:18 Scout Tower
16:18 Scout Tower
16:20 Scout Tower
16:21 Scout Tower
16:22 Scout Tower
16:22 Scout Tower
16:23 Scout Tower
16:24 Scout Tower
16:33 Scout Tower
16:34 Scout Tower
16:36 Scout Tower
16:37 Scout Tower
16:38 Scout Tower
16:39 Scout Tower
16:40 Scout Tower
17:01 Guard Tower
17:02 Guard Tower
17:04 Guard Tower
17:05 Guard Tower
17:05 Guard Tower
17:13 Scout Tower
17:15 Scout Tower
17:18 Scout Tower
17:21 Scout Tower
17:23 Scout Tower
17:27 Guard Tower
17:27 Guard Tower
17:27 Guard Tower
17:27 Guard Tower
17:28 Guard Tower
17:28 Guard Tower
17:34 Scout Tower
17:35 Scout Tower
17:38 Guard Tower
17:38 Guard Tower
18:07 Guard Tower
18:07 Guard Tower
18:16 Guard Tower
18:16 Guard Tower
18:17 Guard Tower
19:07 Guard Tower
19:08 Guard Tower
19:12 Farm
19:14 Farm
19:15 Farm
19:34 Farm
19:36 Farm
19:36 Farm
23:35 Scout Tower
23:36 Scout Tower
23:36 Scout Tower
23:37 Scout Tower
23:38 Scout Tower
23:40 Gryphon Aviary
23:42 Gryphon Aviary
24:05 Guard Tower
24:05 Guard Tower
24:07 Scout Tower
24:07 Scout Tower
24:08 Scout Tower
24:08 Scout Tower
25:07 Guard Tower
25:07 Guard Tower
25:07 Guard Tower
25:46 Town Hall
25:51 Scout Tower
25:52 Scout Tower
25:57 Scout Tower
25:59 Scout Tower
26:21 Guard Tower
26:21 Guard Tower
26:21 Guard Tower
26:22 Guard Tower
26:22 Guard Tower
26:31 Guard Tower
26:31 Guard Tower
29:34 Town Hall
30:13 Guard Tower
30:14 Guard Tower
30:15 Scout Tower
30:17 Scout Tower
30:29 Scout Tower
30:31 Scout Tower
30:34 Scout Tower
30:36 Scout Tower
30:40 Scout Tower
30:41 Scout Tower
30:45 Arcane Tower
30:45 Arcane Tower
30:48 Arcane Tower
30:48 Arcane Tower
30:59 Guard Tower
30:59 Guard Tower
31:00 Guard Tower
31:00 Guard Tower
31:01 Guard Tower
31:01 Guard Tower
31:06 Guard Tower
31:06 Guard Tower
31:06 Guard Tower
31:25 Arcane Tower
31:26 Arcane Tower
» items
| Scroll of Regeneration | 8 | |
| Mechanical Critter | 2 | |
| Staff of Teleportation | 1 | |
| Boots of Speed | 1 | |
| Periapt of Vitality | 1 | |
| Potion of Invisibility | 2 | |
| Tome of Retraining | 1 | |
| Lesser Clarity Potion | 1 | |
| Scroll of Town Portal | 2 | |
| Potion of Healing | 1 | |
| Staff of Sanctuary | 1 | |
21 total

»
Northexit182 (
blue | 48 APM | 789 actions | 16:21)
3 Death Knight
2 Death Coil
1 Death Pact
» actions
| Assign group hotkey | 14 | |
| Basic commands | 25 | |
| Build / train | 42 | |
| Enter build submenu | 13 | |
| Enter hero's abilities submenu | 3 | |
| Remove unit from queue | 1 | |
| Right click | 262 | |
| Select / deselect | 150 | |
| Select group hotkey | 251 | |
| Use ability | 28 | |
789 total
» units
| Acolyte | 2 | |
| Ghoul | 13 | |
| Obsidian Statue | 2 | |
| Abomination | 4 | |
21 total
» upgrades
| Cannibalize | 1 | |
| Unholy Strength | 2 | |
| Unholy Armor | 2 | |
| Disease Cloud | 1 | |
| Ghoul Frenzy | 1 | |
7 total
» buildings
| Altar of Darkness | 1 | |
| Ziggurat | 7 | |
| Crypt | 2 | |
| Graveyard | 1 | |
| Tomb of Relics | 1 | |
| Halls of the Dead | 1 | |
| Nerubian Tower | 5 | |
| Slaughterhouse | 1 | |
| Black Citadel | 1 | |
20 total
» build order
00:12 Altar of Darkness
00:14 Ziggurat
00:26 Crypt
01:42 Graveyard
01:49 Tomb of Relics
03:07 Halls of the Dead
03:37 Ziggurat
03:46 Nerubian Tower
04:42 Crypt
05:06 Nerubian Tower
05:09 Ziggurat
05:34 Slaughterhouse
06:18 Black Citadel
09:09 Ziggurat
09:11 Ziggurat
09:31 Nerubian Tower
10:19 Nerubian Tower
10:26 Nerubian Tower
12:54 Ziggurat
12:56 Ziggurat
» items
| Orb of Corruption | 1 | |
| Scroll of Town Portal | 1 | |
2 total
Chat log
(00:36 / All) GLOBAL-PAL: just letting u know
(00:45 / All) GLOBAL-PAL: teal maphacks
(00:49 / All) GLOBAL-PAL: and is from brazil
(00:49 / All) T4RDWRANGLER.: THESE TARDS GONNA GET WRANGLED!
(00:59 / All) Exodis: your moms gona get wrangled..
(01:03 / Allies) T4RDWRANGLER.: Teal are you Brasil?
(01:25 / Allies) T4RDWRANGLER.: br?
(01:26 / Allies) T4RDWRANGLER.: BR
(01:28 / Allies) T4RDWRANGLER.: BRASIL?
(02:14 / Allies) T4RDWRANGLER.:
(02:33 / All) T4RDWRANGLER.: If teal is Brazilian he doesnt' respond to my google translate portuguese
(05:13 / Allies) MatomuiTomesmO: omg
(05:19 / Allies) T4RDWRANGLER.: BRASIL?
(05:21 / Allies) T4RDWRANGLER.: TEAL BRASIL?
(05:28 / Allies) T4RDWRANGLER.:
(06:48 / Allies) T4RDWRANGLER.: wood
(07:49 / Allies) MatomuiTomesmO: help me
(08:10 / Allies) MatomuiTomesmO: gogog
(08:32 / Allies) Messi_kaka: b
(08:50 / All) GLOBAL-PAL: teal ur such anigger hacker
(10:12 / Allies) MatomuiTomesmO: life
(10:28 / Allies) MatomuiTomesmO: life messi
(10:30 / Allies) MatomuiTomesmO: life units
(10:37 / All) GLOBAL-PAL: TK TEAL
(10:44 / All) GLOBAL-PAL: he is obviously hacking
(13:23 / Allies) MatomuiTomesmO: bnae
(13:25 / Allies) MatomuiTomesmO: base
(13:26 / Allies) MatomuiTomesmO: base
(13:28 / Allies) MatomuiTomesmO: n
(13:30 / Allies) MatomuiTomesmO: base
(13:32 / Allies) MatomuiTomesmO: base
(15:18 / Allies) MatomuiTomesmO: ggogogogog
(15:20 / Allies) MatomuiTomesmO: help
(15:21 / All) Exodis: you annoying little fucks
(15:22 / All) Exodis: get got
(15:28 / All) T4RDWRANGLER.: death grips is shit
(15:33 / All) T4RDWRANGLER.: and so are you
(15:40 / All) Exodis: you got gotten bitch
(15:41 / Allies) MatomuiTomesmO: huamn noob
(15:44 / All) Exodis: deal wit it
(15:53 / All) T4RDWRANGLER.: fucking stuck hero bug
(16:09 / All) T4RDWRANGLER.: can't fucking save my hero because the br left
(18:35 / All) Exodis: lol
(18:35 / All) T4RDWRANGLER.: eat shit
(18:37 / All) T4RDWRANGLER.: "get got" faggot
(18:42 / All) Exodis: you lost though
(18:45 / All) T4RDWRANGLER.: nope
(18:47 / All) T4RDWRANGLER.: you lost
(18:52 / All) T4RDWRANGLER.: you annoying fucking mucore dg fan
(18:56 / All) Exodis: you mad bro?
(19:04 / All) T4RDWRANGLER.: quivering in fear at your shitty musical taste and memes
(19:06 / All) Exodis: got nothin else better to do with your life than to lose at games?
(19:18 / All) Exodis: na im here
(19:22 / All) Exodis: just you or red hackin me
(19:22 / All) T4RDWRANGLER.: it's doing you a favour though
(19:23 / All) T4RDWRANGLER.: OUT, TRASHCAN!
(20:47 / Allies) T4RDWRANGLER.: can you stop using my wyrms please
(21:01 / All) T4RDWRANGLER.: kill yellow
(21:03 / All) T4RDWRANGLER.: he's using my wyrms
(21:05 / All) T4RDWRANGLER.: kill shit shit
(21:15 / All) T4RDWRANGLER.: good work
(21:17 / Allies) T4RDWRANGLER.: fucking faggot
(26:33 / All) Lifeline: I have thick carapace
(26:38 / All) Lifeline: going to take a while to kill me
(26:40 / All) T4RDWRANGLER.: you sure do if you're still in the game
(27:19 / All) Lifeline: lol I forgot red is tking
(27:23 / All) Lifeline: and gave him my money
(27:27 / All) T4RDWRANGLER.: yep, you do have a thick carapace
(27:38 / All) Lifeline: no I won
(27:42 / All) Lifeline: bye bye
(27:42 / All) T4RDWRANGLER.: nope
(27:45 / All) T4RDWRANGLER.: bye
(28:04 / All) GLOBAL-PAL: kill my wyverns pink i wont 80 food anywyas
(28:06 / All) GLOBAL-PAL: and dragon
(29:49 / All) T4RDWRANGLER.: TIME TO KILL MY TIMBER WOLVES LOL
(31:27 / All) GLOBAL-PAL: noob lol
(31:35 / All) T4RDWRANGLER.: Pink is big noob
(31:42 / All) T4RDWRANGLER.: He one of biggest noobs I ever seen with my own two eyeballs
(31:49 / All) T4RDWRANGLER.: Why are you here noob pink?
(31:58 / All) action: what u mean
(32:03 / All) T4RDWRANGLER.: I mean, you are a noob
(32:07 / All) action: ?
(32:08 / All) T4RDWRANGLER.: Did you install the game first time yesterday?
(32:12 / All) action: huh?
(32:15 / All) T4RDWRANGLER.: You really should uninstall
(32:23 / All) action: uninstall what
(32:38 / All) T4RDWRANGLER.: Warcraft III: The Frozen Throne, A Fantasy RTS by Blizzard Entertainment™
(32:52 / All) action: what is that
(32:52 / All) Lifeline: tootle-loo
(33:12 / All) GLOBAL-PAL: next time pink i want u to talk in game
(33:26 / All) action: huh
(33:42 / All) GLOBAL-PAL: dont be stupid with me boy u know wut u did
(33:47 / All) action: im so confused lmao
(33:52 / All) T4RDWRANGLER.: Pink is trying to pretend he's a retard but he doesn't have to pretend :^)
(34:08 / All) GLOBAL-PAL: pink started tking me immediately when he found out he knows what wut he was doing
(34:10 / All) action: no i have no idea what youre talking about
(34:19 / All) action: honestly
(34:36 / All) GLOBAL-PAL: he is claiming ignorance when he was watching me like a hawk
(34:43 / All) action: are you guys in a clan?
(34:48 / All) T4RDWRANGLER.: yes
(34:55 / All) action: thats so cool
(35:02 / All) action: i want to be in one one day
(35:06 / All) T4RDWRANGLER.: are you trying to get enough wins to get a portrait so you can join one?
(35:16 / All) T4RDWRANGLER.: you need at least sorceress or higher
(35:17 / All) GLOBAL-PAL: yea we're in a clan its called "leave the god damn game "
(35:36 / All) action: how many members?
(35:48 / All) T4RDWRANGLER.: 3
(35:52 / All) action: cool
(36:02 / All) action: do you get rewards?
(36:15 / All) T4RDWRANGLER.: yes, the satisfaction of feeling shitty battle.net players under our heels
(36:33 / All) action: from battle.net or do you give it to eachother?
(36:53 / All) T4RDWRANGLER.: no, from battle.net as in, as opposed to the trash that would be outside of battle.net and using garena and eurobattlenet and s
(37:08 / All) T4RDWRANGLER.: shit like that
(37:09 / All) action: oh ok
(37:31 / All) action: this is fun lol
(37:39 / All) T4RDWRANGLER.: are you having a blast
(37:46 / All) action: i like how you are using arrows
(37:53 / All) action: lol
(38:49 / All) action: lol red
(38:49 / All) GLOBAL-PAL: u are a good boy pink
(38:52 / All) action: so funny
(39:07 / All) action: you know that theres towers right
(39:22 / All) GLOBAL-PAL: u are a very smart person, pink
(39:22 / All) action: lol
(39:24 / All) GLOBAL-PAL: I envy u
(39:37 / All) action: well you arent lol cause you lost all of them
(39:42 / All) action: lol
(39:47 / All) T4RDWRANGLER.: lol yeah he did that on accident
(39:49 / All) T4RDWRANGLER.: what a scrub!@
(39:54 / All) action: moron lol
(40:06 / All) T4RDWRANGLER.: pink do you seriously think you are smarter than anyone else?
(40:19 / All) action: i didnt say i am
(40:34 / All) T4RDWRANGLER.: you sure seem to think it by calling him a moron when you're being wrangled by the tardwrangler
(40:38 / All) action: obviously you are because you won
(40:54 / All) T4RDWRANGLER.: Do you have any last words for us? I grow bored of your drivel
(41:03 / All) action: no words
(41:27 / All) action: thank you